 Dungeon Crawl Stone Soup version 0.28-a0-1387-g3a22ab9bdc (webtiles) character file.

Game seed: 1881611597142911969

121 fragbeetle the Chopper (level 5, -6/47 HPs)
             Began as a Hill Orc Cinder Acolyte on Jan 3, 2022.
             Was a High Priest of Ignis.
             Mangled by a wyvern zombie (9 damage)
             ... on level 4 of the Dungeon.
             The game lasted 00:06:04 (2593 turns).

fragbeetle the Chopper (Hill Orc Cinder Acolyte)    Turns: 2593, Time: 00:06:05

Health: -6/47      AC:  5    Str: 17    XL:     5   Next: 5%
Magic:  2/7        EV: 11    Int: 14    God:    Ignis [*****.]
Gold:   159        SH:  0    Dex:  8    Spells: 5/7 levels left

rFire   + + .      SeeInvis .   a - -1 hand axe (flame)
rCold   + . .      Faith    .   (no shield)
rNeg    . . .      Spirit   .   u - +2 leather armour {rC+}
rPois   .          Reflect  .   (no helmet)
rElec   .          Harm     .   (no cloak)
rCorr   .          Rampage  .   (no gloves)
Will    .....                   (no boots)
Stlth   +.........              (no amulet)
HPRegen 0.15/turn               m - ring of protection from fire
MPRegen 0.10/turn               (no ring)

@: very slightly contaminated
A: no striking features
a: Renounce Religion, Fiery Armour, Foxfire Swarm, Rising Flame


You were on level 4 of the Dungeon.
You worshipped Ignis.
Ignis was extremely pleased with you.
You visited 1 branch of the dungeon, and saw 4 of its levels.

You collected 159 gold pieces.

Inventory:

Hand Weapons
 a - a -1 hand axe of flaming (weapon)
Missiles
 h - 136 stones (quivered)
 l - 4 boomerangs
Armour
 n - a +0 kite shield
 u - a +2 leather armour of cold resistance (worn)
Jewellery
 m - a ring of protection from fire (left hand)
Wands
 o - a wand of paralysis (3)
 s - a wand of iceblast (12)
Scrolls
 c - a scroll of silence {unknown}
 d - 5 scrolls of identify {unknown}
 f - a scroll of amnesia {unknown}
 g - 2 scrolls of vulnerability {unknown}
 i - a scroll of enchant armour {unknown}
 j - a scroll of teleportation {unknown}
Potions
 e - 2 potions of brilliance {unknown}
 k - a potion of heal wounds {unknown}
 p - a potion of might {unknown}
 q - a potion of lignification {unknown}
 r - a potion of curing {unknown}
 t - a potion of attraction {unknown}


   Skills:
 + Level 4.4 Fighting
 * Level 5.6 Axes
 + Level 0.0 Armour
 + Level 1.7 Spellcasting
 + Level 4.0 Fire Magic


You had 5 spell levels left.
You knew the following spells:

 Your Spells              Type           Power      Damage    Failure   Level
a - Scorch                Fire           24%        2d6       9%          2

Your spell library contained the following spells:

 Spells                   Type           Power      Damage    Failure   Level


Dungeon Overview and Level Annotations

Branches:
Dungeon (4/15)
 Temple: D:4-7

Altars:
Ashenzari
Kikubaaqudgha

Shops:
D:2 (

Annotations:
D:3 Sigmund


Message History

You are very lightly contaminated with residual magic.
Nothing appears to happen.
The wyvern zombie closely misses you. x2
Casting: Scorch (safe; 9% risk of failure)
Confirm with . or Enter, or press ? or * to list all spells.
Flames lash the wyvern zombie.
The wyvern zombie is lightly damaged.
The wyvern zombie's fire resistance burns away.
The wyvern zombie closely misses you.
Casting: Scorch (safe; 9% risk of failure)
Confirm with . or Enter, or press ? or * to list all spells.
You miscast Scorch.
Nothing appears to happen.
The wyvern zombie bites you!
You hit the wyvern zombie. You burn the wyvern zombie.
The wyvern zombie is lightly damaged.
The wyvern zombie bites you!
You hit the wyvern zombie but do no damage.
The wyvern zombie is lightly damaged.
The wyvern zombie is no longer more vulnerable to fire.
The wyvern zombie bites you. The wyvern zombie bites you!
* * * LOW HITPOINT WARNING * * *
You hit the wyvern zombie. You burn the wyvern zombie.
The wyvern zombie is moderately damaged.
The wyvern zombie closely misses you.
You barely miss the wyvern zombie.
The wyvern zombie is moderately damaged.
The wyvern zombie barely misses you.
You hit the wyvern zombie. You burn the wyvern zombie.
The wyvern zombie is heavily damaged.
The wyvern zombie closely misses you.
The wyvern zombie bites you but does no damage.
You hit the wyvern zombie. You burn the wyvern zombie.
The wyvern zombie is heavily damaged.
The wyvern zombie bites you!
* * * LOW HITPOINT WARNING * * *
Casting: Scorch (safe; 9% risk of failure)
Confirm with . or Enter, or press ? or * to list all spells.
You don't have enough magic to cast this spell.
You hit the wyvern zombie. You burn the wyvern zombie.
The wyvern zombie is severely damaged.
The wyvern zombie bites you!
You die...

#..
##....## ..
###...# ...
##†## #
##..# ..
##..## ..⌠
##..## .Z..
##..##
..⌠..
##..##
......#Z@##
#...##
.......##
..##..#
#..# ...#
##.# #. #


You could see a wyvern zombie.

Vanquished Creatures
  Jessica (D:3)
  Ijyb (D:4)
  2 adders (D:2)
  2 dart slugs
  6 ball pythons
  10 endoplasms
  2 giant cockroaches
  2 goblins
  3 hobgoblins
  3 jackals (D:1)
  2 quokkas (D:1)
  4 bats
  4 kobolds
  3 rats
45 creatures vanquished.

Notes
Turn   | Place    | Note
-------+----------+-------------------------------------------
     0 | D:1      | fragbeetle the Hill Orc Cinder Acolyte began the quest for
                  | the Orb.
     0 | D:1      | Reached XP level 1. HP: 19/19 MP: 2/2
   189 | D:1      | Reached XP level 2. HP: 19/27 MP: 3/3
   499 | D:1      | Learned a level 2 spell: Scorch
   744 | D:1      | Reached XP level 3. HP: 31/33 MP: 4/4
  1357 | D:2      | Found Myedypnu's Antique Weapon Boutique.
  1702 | D:2      | Reached skill level 5 in Axes
  1722 | D:2      | Reached XP level 4. HP: 38/40 MP: 3/6
  1831 | D:3      | Noticed Jessica
  1834 | D:3      | Killed Jessica
  1940 | D:3      | Found an ancient bone altar of Kikubaaqudgha.
  1955 | D:3      | Found a broken altar of Ashenzari.
  2143 | D:3      | Noticed Sigmund
  2158 | D:4      | Noticed Ijyb
  2178 | D:4      | HP: 2/40 [constriction (1)]
  2181 | D:4      | Killed Ijyb
  2182 | D:4      | Reached XP level 5. HP: 2/47 MP: 1/7
  2593 | D:4      | Mangled by a wyvern zombie

Illustrated notes

Levels and vault maps discovered:
D:1:      elethiomel_arrival_infinity_welcomes_careful_drivers, layout_basic
D:2:      layout_rooms, serial_shops, shop, minmay_misc_feat_cross,
          minmay_randomly_rotated_circles
D:3:      layout_basic, mainiacjoe_overflow_large_starburst,
          dilly_ecumenical_altar_fadedgnrine, chequers_serial_rivers_small_b,
          minmay_stone_trees_medium, minmay_misc_feat_four_crosses,
          uniq_sigmund, uniq_jessica
D:4:      layout_cave_pods, mainiacjoe_overflow_chevrons, elyvilon_altar_5,
          minmay_temple_entry_butterflies, uniq_ijyb, uniq_duvessa

Skill      XL: |  1  2  3  4 |
---------------+-------------+-----
Fighting       | 4 |  4.4
Axes           | 5 |  5.6
Fire Magic     | 4 |  4.0
Spellcasting   | |  1.7

Action                   |  1- 3 |  4- 6 || total
-------------------------+-------+-------++-------
Melee: Hand axe          |    69 |    37 ||   106
 Cast: Scorch            |     4 |     5 ||     9
Evoke: Wand              |       |     1 ||     1
 Stab: Paralysed         |       |     4 ||     4
Armor: Robe              |     9 |     4 ||    13
       Leather armour    |       |     1 ||     1
Dodge: Dodged            |    38 |    18 ||    56

Table legend: (Time is in decaauts)
 A = Elapsed time spent in this place.
 B = Non-inter-level travel time spent in this place.
 C = Inter-level travel time spent in this place.
 D = Time resting spent in this place.
 E = Time spent auto-exploring this place.
 F = Levels seen in this place.
 G = Mean time per level.
                   A        B        C        D        E       F      G
               +--------+--------+--------+--------+--------+-----+--------+
         Total |   2598 |   2553 |     45 |    487 |   1462 |   4 |  649.5 |
       Dungeon |   2598 |   2553 |     45 |    487 |   1462 |   4 |  649.5 |
               +--------+--------+--------+--------+--------+-----+--------+

Top non-repeatable levels by time:
     D:1: 1253 daAuts
     D:2: 555 daAuts
     D:4: 435 daAuts
     D:3: 354 daAuts
